 Dungeon Crawl Stone Soup version 0.18-a0-1300-g6e8322c (webtiles) character file.

1708 dvd the Covert (level 8, -2/37 HPs)
             Began as a Spriggan Enchanter on Feb 11, 2016.
             Killed from afar by an electric eel (9 damage)
             ... with a bolt of electricity
             ... on level 6 of the Dungeon.
             The game lasted 00:20:00 (5628 turns).

dvd the Covert (Spriggan Enchanter)                 Turns: 5628, Time: 00:20:00

Health: -2/37      AC:  3    Str:  4    XL:     8   Next: 73%
Magic:  15/18      EV: 21    Int: 18    God:
Gold:   253        SH:  0    Dex: 17    Spells: 4 memorised, 11 levels left

rFire  . . .     SeeInvis +     a - +2 dagger (speed)
rCold  . . .     Gourm    .     u - +1 robe
rNeg   . . .     Faith    .     (shield restricted)
rPois  .         Spirit   .     (helmet restricted)
rElec  .         Dismiss  .     (no cloak)
rCorr  .         Reflect  .     (gloves unavailable)
SustAt .         Harm     .     (boots unavailable)
MR     +....                    t - amulet of magic regeneration
Stlth  +++.......               (no ring)
                                (no ring)

@: very quick, somewhat resistant to hostile enchantments, fairly stealthy
A: unfitting armour, see invisible, herbivore 3, speed 3, slow metabolism 2
a: no special abilities


You were on level 6 of the Dungeon.
You were not hungry.

You visited 1 branch of the dungeon, and saw 6 of its levels.

You collected 253 gold pieces.

Inventory:

Hand Weapons
 a - a +2 dagger of speed (weapon)
 b - a +0 hunting sling
Missiles
 m - 395 stones (quivered)
 x - 7 poisoned tomahawks
 y - 16 sling bullets
 G - 18 sling bullets of flame
Armour
 u - a +1 robe (worn)
Jewellery
 h - an uncursed amulet of guardian spirit
 j - an uncursed amulet of harm
 t - an amulet of magic regeneration (around neck)
Wands
 B - a wand of confusion (0/48)
Scrolls
 f - 3 scrolls of remove curse
 g - a scroll of fear
 o - a scroll of magic mapping {unknown}
 p - 5 scrolls of identify
 r - 4 scrolls of fog
 v - 2 scrolls of teleportation
 C - a scroll of immolation {unknown}
 D - a scroll of recharging
 F - a scroll of enchant weapon
Potions
 e - 4 potions of curing
 i - 4 potions of lignification {unknown}
 k - 2 potions of heal wounds {unknown}
 n - a potion of flight {unknown}
 w - 2 potions of brilliance {unknown}
 z - a potion of resistance
 A - a potion of agility {unknown}
 E - a potion of degeneration {unknown}
Books
 c - a book of Maledictions

   Spells                             Type                      Level
   a - Corona                         Hexes                        1
   b - Ensorcelled Hibernation        Hexes/Ice                    2
   c - Confuse                        Hexes                        3
   d - Tukima's Dance                 Hexes                        3
   e - Dazzling Spray                 Conjuration/Hexes            3
Miscellaneous
 q - a plain deck of defence
Comestibles
 d - 2 bread rations
 l - 4 fruits
 s - a royal jelly


   Skills:
 + Level 1.4 Fighting
 + Level 2.3 Short Blades
 + Level 0.8 Slings
 + Level 5.3 Dodging
 + Level 11.2 Stealth
 + Level 6.6 Spellcasting
 + Level 6.9 Hexes
 + Level 2.2 Ice Magic


You had 11 spell levels left.
You knew the following spells:

 Your Spells              Type           Power        Failure   Level  Hunger
a - Corona                Hex            ####...      1%          1    None
b - Ensorcelled Hibernat  Hex/Ice        ###...       2%          2    None
c - Confuse               Hex            ####....     1%          3    ##.....
d - Tukima's Dance        Hex            ####....     1%          3    ##.....


Dungeon Overview and Level Annotations

Branches:
Dungeon (6/15)
 Temple: D:4-7

Altars:
Cheibriados
Makhleb
Nemelex Xobeh
Okawaru
Pakellas
Ru
Yredelemnul
The Shining One


Innate Abilities, Weirdness & Mutations

You are tiny and cannot use many weapons and most armour.
You have supernaturally acute eyesight.
You are a herbivore.
You cover ground extremely quickly.
You need consume almost no food.


Message History

Casting: Ensorcelled Hibernation
Confirm with . or Enter, or press ? or * to list all spells.
Aiming: Ensorcelled Hibernation
Press: ? - help, Shift-Dir - straight line, f/p - electric eel
Aim: an electric eel (water, chance to defeat MR: 61%)
The electric eel resists with significant effort.
The electric eel shoots out a bolt of lightning at you!
The bolt of electricity hits you!
The electric eel shoots out a bolt of lightning at you!
The bolt of electricity hits the electric eel.
The electric eel completely resists.
The bolt of electricity hits you!
The electric eel shoots out a bolt of lightning at you!
The bolt of electricity hits you!
* * * LOW HITPOINT WARNING * * *
Drink which item? (? for menu, Esc to quit)
It was a potion of curing.
You feel better.
The electric eel shoots out a bolt of lightning at you!
The bolt of electricity hits the electric eel.
The electric eel completely resists.
The bolt of electricity hits you!
You die...

# ### ♣P♣ ♣♣♣.##
♣≈≈≈♣≈P♣≈♣♣##
≈≈≈≈≈P≈≈♣≈≈≈♣##
≈≈P≈≈≈≈≈@≈≈♣≈≈#
≈≈≈≈≈≈≈≈≈≈≈P♣♣##
≈≈≈≈≈≈≈;♣P≈≈≈♣≈##
≈≈≈≈≈≈≈≈≈≈≈≈P≈≈≈#
≈≈≈≈≈≈≈≈P≈≈≈≈≈≈♣# ≈≈≈
≈≈≈≈≈;≈≈P♣≈†≈P≈≈# ≈≈
≈≈≈≈≈≈≈≈≈≈≈≈♣≈♣.# ≈≈
≈≈≈≈≈≈≈≈♣P≈≈≈♣#.# ≈
≈≈≈≈♣≈≈P≈≈♣≈♣##.#########


You could see 2 electric eels.

Vanquished Creatures
  The ghost of st0uf the Ruffian, an amateur DrMo (D:4)
  A vampire (D:6)
  A hungry ghost (D:4)
  2 ice beasts (D:6)
  An ogre (D:6)
  2 phantoms
  A scorpion (D:6)
  An electric eel (D:6)
  A crimson imp (D:4)
  4 hounds
  2 jellies
  An orc wizard (D:6)
  An orc priest (D:6)
  An iguana (D:6)
  6 worker ants
  2 hound skeletons
  3 gnolls (D:2)
  11 adders
  3 adder skeletons
  3 worms
  A giant gecko (D:3)
  3 orcs
  2 ball pythons
  3 giant cockroaches
  7 goblins
  7 hobgoblins
  2 quokkas (D:6)
  11 bats
  A giant gecko zombie (D:5)
  7 giant newts
  7 kobolds
  16 rats
115 creatures vanquished.

Vanquished Creatures (collateral kills)
  2 orc wizards (D:4)
2 creatures vanquished.

Vanquished Creatures (others)
  4 plants (D:6)
4 creatures vanquished.

Grand Total: 121 creatures vanquished

Notes
Turn   | Place    | Note
--------------------------------------------------------------
     0 | D:1      | dvd the Spriggan Enchanter began the quest for the Orb.
     0 | D:1      | Reached XP level 1. HP: 9/9 MP: 5/5
   481 | D:1      | Reached XP level 2. HP: 10/13 MP: 4/6
   485 | D:1      | Learned a level 2 spell: Ensorcelled Hibernation
  1137 | D:2      | Reached skill level 5 in Stealth
  1252 | D:2      | Reached XP level 3. HP: 16/16 MP: 6/8
  1288 | D:2      | Learned a level 3 spell: Confuse
  1335 | D:2      | Reached skill level 6 in Stealth
  1335 | D:2      | Reached XP level 4. HP: 14/21 MP: 0/10
  1647 | D:2      | Found a sparkling altar of Nemelex Xobeh.
  2363 | D:3      | Reached XP level 5. HP: 24/24 MP: 11/11
  2765 | D:3      | Reached skill level 7 in Stealth
  2993 | D:4      | Noticed a phantom
  3003 | D:4      | Killed a phantom
  3003 | D:4      | Reached skill level 1 in Ice Magic
  3060 | D:4      | Found a burning altar of Makhleb.
  3069 | D:4      | Reached skill level 5 in Hexes
  3069 | D:4      | Reached XP level 6. HP: 28/28 MP: 9/12
  3255 | D:4      | Noticed st0uf's ghost (amateur DrMo)
  3350 | D:4      | Learned a level 3 spell: Tukima's Dance
  3399 | D:4      | Noticed a hungry ghost
  3416 | D:4      | Killed a hungry ghost
  3416 | D:4      | Reached skill level 8 in Stealth
  3516 | D:4      | Killed st0uf's ghost
  3516 | D:4      | Reached skill level 9 in Stealth
  3516 | D:4      | Reached XP level 7. HP: 30/32 MP: 5/15
  3601 | D:4      | Found an oddly glowing altar of Pakellas.
  3663 | D:4      | Reached skill level 5 in Spellcasting
  4027 | D:5      | Entered Level 5 of the Dungeon
  4045 | D:5      | Found an iron altar of Okawaru.
  4055 | D:5      | Reached skill level 1 in Fighting
  4661 | D:6      | Found a snail-covered altar of Cheibriados.
  4766 | D:6      | Reached skill level 10 in Stealth
  4766 | D:6      | Reached XP level 8. HP: 37/37 MP: 9/17
  4807 | D:6      | Found a glowing golden altar of the Shining One.
  5043 | D:6      | Reached skill level 5 in Dodging
  5053 | D:6      | Found a sacrificial altar of Ru.
  5112 | D:6      | Found a basalt altar of Yredelemnul.
  5310 | D:6      | Reached skill level 11 in Stealth
  5627 | D:6      | HP: 1/37 [electric eel/bolt of electricity (14)]
  5628 | D:6      | Killed from afar by an electric eel

Vault maps used:
D:1:      ncdulo_halloftheorcs
D:2:      minmay_door_path, nemelex_deck, minmay_misc_feat_columns,
          minmay_rat_gold_closets
D:4:      makhleb_heckhound_becter, johnstein_pakellas_death_squad,
          small_statue_intersection, minmay_cupped
D:5:      okawaru_ov_weapons_minmay, minmay_temple_entry_from_below_a,
          first_bread
D:6:      grunt_temple_overflow_cloverleaf, nicolae_tso_swordbearing_angel,
          nicolae_overflow_hidden_temple, nicolae_ru_path_of_blood, basic_altar,
          serial_bayou_lake_a

Action                   |  1- 3 |  4- 6 |  7- 9 || total
-------------------------+-------+-------+-------++-------
Melee: Dagger            |    89 |    63 |    84 ||   236
 Fire: Hunting sling     |       |    13 |    15 ||    28
 Cast: Corona            |    12 |       |       ||    12
       Ensorcelled Hiber |    18 |    24 |    14 ||    56
       Confuse           |     1 |    11 |    23 ||    35
       Tukima's Dance    |       |       |     4 ||     4
  Use: Scroll            |       |    10 |       ||    10
       Potion            |       |       |     1 ||     1
 Stab: Sleeping          |    24 |    35 |    27 ||    86
       Confused          |     1 |     6 |     8 ||    15
  Eat: Bread ration      |       |     1 |       ||     1
       Pizza             |       |       |     1 ||     1
